Map: Frozen Temple

Players

Nickos

  • Race: Terran Terran
  • League: Gold

Rosh - Winner!

  • Race: Zerg Zerg
  • League: Gold

VOD

Have the link to the VOD?

Description

Time

  • Played on: Sept. 25, 2016, 8:38 a.m.
  • Length: 11:14
Show
View Real Time Build Order
Export as new Build Order

Nickos Terran 

Build Orders: MMM Bio 

Get SALT Encoding   

  12  0:00  SCV  
  13  0:13  SCV  
  14  0:18  Supply Depot  
  14  0:25  SCV  
  15  0:39  SCV  
  15  0:41  Barracks  
  16  0:52  SCV  
  17  1:04  SCV  
  18  1:16  SCV  
  19  1:21  Command Center  
  19  1:29  Orbital Command  
  19  1:33  Marine  
  20  1:45  Barracks  
  20  1:51  Supply Depot  
  20  1:57  SCV  
  20  2:00  Marine  
  22  2:09  SCV  
  22  2:15  Barracks  
  23  2:21  SCV  
  24  2:23  Marine  
  25  2:33  SCV  
  25  2:34  Orbital Command  
  25  2:35  Bunker, Marine  
  27  2:39  Refinery  
  27  2:40  Refinery  
  27  2:45  Marine, SCV  
  29  2:56  Marine  
  29  2:57  SCV  
  30  3:06  SCV  
  30  3:09  Marine, SCV  
  30  3:11  Barracks Tech Lab  
  33  3:18  SCV  
  35  3:21  SCV  
  35  3:23  Barracks Reactor  
  35  3:27  Barracks Reactor  
  35  3:30  SCV  
  35  3:33  SCV  
  37  3:42  SCV  
  37  3:45  Marine  
  39  3:50  Stimpack  
  39  3:53  SCV  
  40  3:58  SCV  
  40  3:59  Marine x2  
  43  4:08  Factory  
  43  4:11  Barracks, SCV x2  
  43  4:12  Barracks  
  45  4:20  Supply Depot  
  45  4:21  Supply Depot  
  45  4:22  Supply Depot  
  45  4:23  Marine  
  46  4:41  SCV x2, Marauder, Marine x3  
  46  4:45  Marine  
  54  4:53  SCV x2  
  54  4:57  Factory Reactor  
  54  4:59  Marine  
  57  5:02  Starport  
  57  5:05  Supply Depot, SCV x2  
  59  5:07  Supply Depot  
  59  5:14  Marine x2  
  59  5:16  Barracks Tech Lab x2  
  59  5:17  SCV x2  
  62  5:23  Marine x2  
  62  5:24  Marauder  
  66  5:29  SCV  
  66  5:30  SCV  
  66  5:31  Supply Depot  
  66  5:33  Command Center, Supply Depot  
  68  5:39  Marine x2  
  68  5:40  Marauder x2  
  68  5:42  SCV x2  
  76  5:47  Refinery, Marine  
  76  5:48  Reaper, Marine  
  79  5:51  Combat Shields  
  79  5:54  Engineering Bay x2, SCV x2  
  79  5:55  Medivac  
  83  6:20  Supply Depot  
  83  6:21  Terran Infantry Weapons Level 1  
  83  6:24  Marine  
  83  6:25  Marine x2  
  86  6:29  SCV  
  86  6:30  SCV  
  86  6:31  Marauder x3  
  94  6:51  Medivac  
  94  6:52  Marauder  
  98  6:56  Marine x4  
  98  6:57  Orbital Command, Marauder  
  104  7:07  SCV  
  104  7:08  SCV  
  106  7:09  Terran Infantry Armor Level 1  
  106  7:16  Marine x4  
  106  7:17  Marauder  
  106  7:18  Marauder x2  
  106  7:20  SCV  
  116  7:39  Liberator x2  
  109  7:46  Marine x4  
  98  7:54  Marine x3  
  104  8:00  SCV x3  
  107  8:06  Marine x3  
  107  8:07  Marine  
  107  8:12  Marauder, SCV  
  116  8:13  Marauder x2  
  116  8:14  Supply Depot  
  116  8:18  Armory  
  118  8:24  Liberator, Barracks  
  118  8:25  Barracks, Marine x3  
  118  8:26  Marine  
  122  8:27  Barracks  
  122  8:30  SCV x3  
  125  8:35  Concussive Shells  
  125  8:36  Marine  
  126  8:43  Marauder  
  126  8:44  Marauder  
  126  8:46  Refinery  
  132  8:48  Marine  
  132  8:53  Marine x2  
  132  8:54  Marauder  
  116  9:05  Marauder  
  111  9:12  Marine x4  
  111  9:13  Marauder  
  111  9:15  Marauder  
  96  9:30  Marine  
  96  9:31  Marine x3  
  107  9:44  Barracks Tech Lab x2  
  107  9:45  Barracks Tech Lab  
  100  9:46  Marine  
  100  9:47  Command Center, Marauder x2  
  100  9:52  Marine x3  
  107  9:53  Medivac x2  
  112  10:04  Marauder  
  111  10:08  Marauder  
  111  10:09  Marauder  
  110  10:18  Marine x2  
  110  10:19  Marine x3  
  110  10:20  Marine x2  
  100  10:23  Medivac  
  100  10:26  Marauder  
  94  10:29  Marine  
  94  10:30  Marauder  
  95  10:36  Marine x2  
  95  10:38  Marauder x3  
  95  10:42  Marine x2  
  99  10:47  Marauder  
  99  10:48  Marauder  
  102  10:51  Marine  
  102  10:54  Marine x2  
Show
View Real Time Build Order
Export as new Build Order

Rosh Zerg - Winner!

Build Orders: Hatch First 

Get SALT Encoding   

  12  0:01  Drone  
  13  0:13  Overlord  
  13  0:17  Drone  
  14  0:31  Drone x2  
  17  0:35  Drone  
  17  0:55  Hatchery  
  17  0:57  Drone  
  17  1:00  Drone  
  18  1:16  Spawning Pool  
  18  1:18  Drone, Extractor  
  18  1:21  Drone  
  18  1:29  Drone  
  19  1:39  Overlord  
  19  1:50  Drone  
  20  2:04  Queen  
  20  2:05  Zergling x2  
  20  2:06  Queen  
  20  2:07  Zergling x2  
  26  2:13  Zergling x2  
  27  2:18  Metabolic Boost  
  27  2:20  Drone  
  28  2:23  Drone  
  29  2:36  Drone x2  
  31  2:39  Overlord  
  31  2:53  Drone x2  
  31  2:58  Drone  
  34  3:00  Overlord  
  34  3:11  Drone  
  34  3:12  Drone  
  36  3:17  Evolution Chamber  
  36  3:19  Evolution Chamber  
  34  3:20  Hatchery  
  34  3:24  Drone  
  34  3:25  Drone, Roach Warren  
  34  3:28  Drone  
  34  3:30  Drone  
  36  3:36  Drone x2  
  37  3:42  Drone x2  
  37  3:45  Drone x2  
  41  3:56  Drone x4  
  41  4:01  Drone  
  46  4:07  Overlord  
  46  4:18  Extractor  
  46  4:19  Drone x3  
  46  4:20  Drone  
  46  4:21  Extractor  
  46  4:22  Zerg Missile Weapons Level 1, Zerg Ground Armor Level 1  
  48  4:28  Lair  
  48  4:40  Queen  
  48  4:41  Drone x6  
  48  4:42  Drone  
  57  4:53  Drone  
  57  4:54  Drone x3  
  57  4:57  Drone  
  62  5:03  Overlord x2  
  62  5:05  Zergling x4  
  62  5:16  Drone x3  
  62  5:18  Overlord x2  
  65  5:22  Overlord  
  65  5:23  Overlord  
  65  5:28  Drone  
  66  5:38  Roach x2  
  66  5:41  Roach x2  
  74  5:49  Spore Crawler  
  73  5:50  Spore Crawler  
  73  5:51  Spore Crawler  
  73  5:53  Spore Crawler  
  72  5:57  Roach x9  
  72  5:58  Roach x2  
  72  6:02  Ravager  
  72  6:03  Ravager  
  94  6:05  Ravager  
  94  6:06  Zergling x2  
  94  6:07  Zergling x2  
  97  6:14  Extractor  
  97  6:15  Drone x3  
  97  6:18  Extractor  
  98  6:19  Extractor  
  98  6:20  Drone  
  98  6:22  Overlord  
  98  6:29  Overlord  
  98  6:32  Roach x7  
  112  6:35  Overlord x2  
  112  6:42  Drone  
  113  6:47  Drone  
  113  6:48  Drone  
  113  6:50  Overlord  
  115  6:58  Drone x2  
  117  7:02  Zerg Missile Weapons Level 2, Zerg Ground Armor Level 2  
  117  7:05  Roach x3  
  123  7:10  Zergling x2  
  123  7:11  Zergling x8  
  128  7:16  Roach x2  
  106  7:56  Roach x2  
  106  7:57  Roach x5  
  120  8:04  Hatchery  
  119  8:07  Roach  
  119  8:08  Roach  
  119  8:10  Drone  
  119  8:11  Drone x2  
  126  8:13  Overlord  
  126  8:16  Overseer  
  126  8:17  Overseer  
  126  8:28  Ravager x8  
  126  8:30  Zergling x2  
  126  8:31  Zergling x4  
  109  9:04  Roach  
  109  9:05  Roach x5  
  97  9:34  Roach  
  97  9:35  Roach x5  
  97  9:37  Ravager x3  
  112  9:44  Queen  
  114  9:56  Roach, Hatchery  
  114  9:57  Roach x7  
  121  10:19  Roach  
  121  10:20  Roach x3  
  107  10:33  Ravager  
  106  10:41  Roach x4  
  112  10:48  Ravager  
  113  10:51  Zergling x2  
Tags
 
Composition
MMM Bio
League
GoldGold
Matchup
TvZ
Replay Pack
Nickos replay
Add a new tag
Caveats
  • Supply blocks, unpowered buildings, or Contaminate may cause inaccurate times.
  • Supply counts are checked every 10 seconds.